 Dungeon Crawl Stone Soup version 0.27.1-33-g824d729ab1 (webtiles) character file.

Game seed: 9636664119131088026

170 szrap the Gusty (level 5, -3/23 HPs)
             Began as a Felid Air Elementalist on Dec 20, 2021.
             Was an Initiate of Elyvilon.
             Killed from afar by a steam dragon (19 damage)
             ... with a ball of steam
             ... on level 6 of the Dungeon.
             The game lasted 00:23:31 (10089 turns).

szrap the Gusty (Felid Air Elementalist)           Turns: 10089, Time: 00:23:32

Health: -3/23      AC:  2    Str:  4    XL:     5   Next: 26%
Magic:  0/9        EV: 19    Int: 17    God:    Elyvilon [......]
Gold:   268        SH:  0    Dex: 18    Spells: 0/8 levels left
                                        Lives:  0   Deaths: 2

rFire    . . .     SeeInvis +     - Unarmed
rCold    . . .     Faith    .   (shield unavailable)
rNeg     . . .     Spirit   .   (armour unavailable)
rPois    .         Reflect  .   (helmet unavailable)
rElec    .         Harm     .   (cloak unavailable)
rCorr    .         Rampage  .   (gloves unavailable)
Will     .....                  (boots unavailable)
Stlth    +++.......             (no amulet)
HPRegen  0.07/turn              e - ring of wizardry
MPRegen  0.11/turn              (no ring)

@: very slightly contaminated, quick
A: very small, claws 1, fangs 3, see invisible, speed 1, shaggy fur 2, stealthy
paws, no weapons or thrown items, no armour, multi-lived
a: Renounce Religion


You were on level 6 of the Dungeon.
You worshipped Elyvilon.
Elyvilon was noncommittal.
You visited 2 branches of the dungeon, and saw 7 of its levels.

You collected 268 gold pieces.

Inventory:

Jewellery
 e - a ring of wizardry (left paw)
Scrolls
 b - a scroll of fog
 h - a scroll of enchant armour
 i - 2 scrolls of brand weapon {unknown}
 l - a scroll of magic mapping
 n - 2 scrolls of teleportation
Potions
 a - 3 potions of flight
 c - a potion of heal wounds
 d - a potion of degeneration
 f - a potion of berserk rage {unknown}
 g - a potion of magic {unknown}
 j - a potion of curing {unknown}
 k - a potion of invisibility {unknown}
 m - a potion of might {unknown}
 o - a potion of lignification {unknown}


   Skills:
 * Level 2.7 Fighting
 * Level 4.8 Dodging
 * Level 4.8 Stealth
 * Level 3.2 Unarmed Combat
 - Level 2.0 Spellcasting
 - Level 0.8 Conjurations
 + Level 5.0 Air Magic


You couldn't memorise any spells.
You knew the following spells:

 Your Spells              Type           Power      Damage    Failure   Level
a - Shock                 Conj/Air       44%        1d5       2%          1
b - Swiftness             Air            18%        N/A       3%          3
c - Airstrike             Air            9%         N/A       10%         4

Your spell library contained the following spells:

 Spells                   Type           Power      Damage    Failure   Level
 Static Discharge         Conj/Air       11%        N/A       3%          2
 Magic Dart               Conj           16%        1d3       6%          1
 Animate Skeleton         Necr           2%         N/A       8%          1
 Pain                     Necr           4%         1d4       8%          1
 Mephitic Cloud           Conj/Pois/Air  8%         N/A       11%         3
 Call Imp                 Summ           1%         N/A       12%         2
 Vampiric Draining        Necr           0%         2d6       22%         3


Dungeon Overview and Level Annotations

Branches:
Dungeon (6/15)             Temple (1/1) D:5

Altars:
Ashenzari
Dithmenos
Elyvilon
Fedhas
Gozag
Hepliaklqana
Kikubaaqudgha
Makhleb
Nemelex Xobeh
Okawaru
Ru
Sif Muna
Trog
Uskayaw
Vehumet
Wu Jian
Xom
Yredelemnul
Zin
The Shining One

Annotations:
D:2 1 runed translucent door, Crazy Yiuf
D:4 Sigmund
D:6 Grinder


Innate Abilities, Weirdness & Mutations

You have sharp claws.
You have razor-sharp teeth.
You have supernaturally acute eyesight. (SInv)
You cover ground quickly. (Speed+)
You are covered in thick fur. (AC +2)
Your paws help you pounce on unaware monsters.
You are incapable of wielding weapons or throwing items.
You cannot wear armour.
You gain extra lives every three experience levels.


Message History

There is a large open door here.
There is a white marble altar of Elyvilon here.
There is a shimmering blue altar of Sif Muna here.
There is a white marble altar of Elyvilon here.
Unknown command.
Press < or > to pray at altars.
You sit before the altar of Elyvilon.
Elyvilon welcomes you!
There is a large open door here.
Casting: Airstrike (extremely dangerous; 10% risk of failure)
Confirm with . or Enter, or press ? or * to list all spells.
Aiming: Shock (safe; 2% risk of failure)
Press: ? - help, Shift-Dir - straight line, f - steam dragon
Aim: a steam dragon (heavily wounded, wandering, hasn't noticed you, 68% to hit)
The zap misses the steam dragon.
Casting: Shock (safe; 2% risk of failure)
Confirm with . or Enter, or press ? or * to list all spells.
The spell is extremely dangerous to cast (10% risk of failure)!
Continue anyway?
Okay, then.
Casting: Airstrike (extremely dangerous; 10% risk of failure)
Confirm with . or Enter, or press ? or * to list all spells.
The spell is extremely dangerous to cast (10% risk of failure)!
Continue anyway?
Aiming: Airstrike (extremely dangerous; 10% risk of failure)
Press: ? - help, Dir - move target, f/p - steam dragon
Aim: a steam dragon (heavily wounded)
The air twists around and strikes the steam dragon!
The steam dragon is almost dead.
Casting: Airstrike (extremely dangerous; 10% risk of failure)
Confirm with . or Enter, or press ? or * to list all spells.
The spell is extremely dangerous to cast (10% risk of failure)!
Continue anyway?
Aiming: Airstrike (extremely dangerous; 10% risk of failure)
Press: ? - help, Dir - move target, f/p - steam dragon
Aim: a steam dragon (almost dead)
You miscast Airstrike.
You are very lightly contaminated with residual magic.
There is a short, sharp shower of sparks!
The steam dragon breathes steam at you. The ball of steam hits you!!
Ouch! That really hurt!
You die...

..............###+#########
+#####....................##
#+###.................######
#####...............)...
#.......###.....###.
###..D....#####_#####.
#....§....###.....###.
#....§................
#....@........#####..O
#.......############..
#.......# ........
#########.......# ...[....
#...............# (.......
#...............# ........
#...............# ........
#............#### #####...
#............# ####


There were no monsters in sight!

Vanquished Creatures
  A centaur (D:5)
  2 phantoms (D:5)
  A hound (D:4)
  A gnoll shaman (D:4)
  An orc priest (D:2)
  A centaur skeleton (D:5)
  An iguana (D:5)
  A hound skeleton (D:5)
  Robin (D:2)
  6 gnolls (D:4)
  6 adders
  A white imp (D:5)
  An ufetubus (D:5)
  2 worms
  2 dart slugs
  10 orcs
  2 bats (D:3)
  7 endoplasms
  13 goblins
  7 hobgoblins
  10 jackals
  5 kobolds
  A quokka (D:4)
  9 ball pythons
  4 frilled lizards
  4 rats
100 creatures vanquished.

Vanquished Creatures (others)
  3 plants (D:1)
3 creatures vanquished.

Grand Total: 103 creatures vanquished

Notes
Turn   | Place    | Note
-------+----------+-------------------------------------------
     0 | D:1      | szrap the Felid Air Elementalist began the quest for the
                  | Orb.
     0 | D:1      | Reached XP level 1. HP: 7/7 MP: 4/4
   400 | D:1      | Reached XP level 2. HP: 12/12 MP: 1/6
   519 | D:1      | Reached skill level 3 in Air Magic
  1350 | D:1      | Found a faded altar of an unknown god.
  1585 | D:2      | Noticed Robin
  1587 | D:2      | Reached XP level 3. HP: 15/15 MP: 2/7
  1708 | D:2      | Killed Robin
  1709 | D:2      | Reached skill level 1 in Unarmed Combat
  2093 | D:2      | Reached skill level 1 in Fighting
  2107 | D:2      | Learned a level 3 spell: Swiftness
  2286 | D:2      | Found a runed translucent door.
  2287 | D:2      | Noticed Crazy Yiuf
  2874 | D:2      | Reached XP level 4. HP: 19/19 MP: 4/8
  3628 | D:3      | Found a shadowy altar of Dithmenos.
  4138 | D:3      | Reached XP level 5. HP: 16/22 MP: 3/9
  4262 | D:3      | Learned a level 4 spell: Airstrike
  4575 | D:3      | Found a glowing silver altar of Zin.
  4832 | D:4      | Found a hazy altar of Hepliaklqana.
  5160 | D:4      | Reached skill level 4 in Air Magic
  5774 | D:4      | Noticed Sigmund
  5977 | D:4      | Gained mutation: You are covered in thick fur. (AC +2)
                  | [Felid growth]
  5977 | D:4      | Reached XP level 6. HP: 23/26 MP: 0/10
  6477 | D:5      | Entered Level 5 of the Dungeon
  6573 | D:5      | Noticed a water moccasin
  8290 | D:5      | Found a staircase to the Ecumenical Temple.
  8299 | Temple   | Entered the Ecumenical Temple
  9092 | D:5      | Reached XP level 7. HP: 8/30 MP: 1/11
  9520 | D:5      | Found a hide-covered altar of Uskayaw.
  9592 | D:5      | Found a sparkling altar of Nemelex Xobeh.
  9706 | D:6      | Noticed Grinder
  9809 | D:6      | Noticed a steam dragon
  9832 | D:6      | Killed from afar by a steam dragon
  9833 | D:6      | Reached XP level 6. HP: -11/27 MP: 1/10
  9833 | D:6      | Found a broken altar of Ashenzari.
  9864 | D:6      | Reached skill level 5 in Air Magic
  9939 | D:6      | Mangled by an ogre
  9940 | D:6      | Reached XP level 5. HP: -13/23 MP: 3/9
 10057 | D:6      | Found a white marble altar of Elyvilon.
 10057 | D:6      | Found a shimmering blue altar of Sif Muna.
 10063 | D:6      | Became a worshipper of Elyvilon the Healer
 10089 | D:6      | Killed from afar by a steam dragon

Illustrated notes

Levels and vault maps discovered:
D:1:      lemuel_arrival_river_ford, layout_basic,
          dilly_ecumenical_altar_fadedgnrine, moated_statue,
          serial_bayou_lagoon_a, minmay_distorted
D:2:      layout_basic, minmay_tiny_reverse_x, uniq_crazy_yiuf_cottage,
          uniq_robin
D:3:      layout_loops_ring, mainiacjoe_overflow_tiny_flanked,
          mainiacjoe_overflow_boulevard, serial_bayou_pond_a
D:4:      layout_basic, mainiacjoe_overflow_small_starburst, uniq_sigmund
D:5:      layout_cave_pools, nemelex_spade_bored_becter,
          nicolae_uskayaw_suspiria, minmay_temple_entry_statues_fountains,
          cheibrodos_sewer_entry_sluice
D:6:      layout_basic, gammafunk_temple_overflow_wave,
          cheibrodos_ashenzari_chains, minivault_11, minmay_holes, uniq_grinder,
          uniq_blork_the_orc
Temple:   hc_temple_tempest_star

Skill      XL: |  1  2  3  4  5  6 |
---------------+-------------------+-----
Stealth        | 3 4 |  4.8
Air Magic      | 3 4 5 |  5.0
Dodging        | 3 4 |  4.8
Unarmed Combat | 1 2 3 |  3.2
Fighting       | 1 2 |  2.7
Spellcasting   | |  2.0
Conjurations   | |  0.8

Action                   |  1- 3 |  4- 6 |  7- 9 || total
-------------------------+-------+-------+-------++-------
Melee: Unarmed           |    21 |    66 |     6 ||    93
       Bite              |       |     3 |       ||     3
 Cast: Shock             |   106 |   201 |    11 ||   318
       Airstrike         |       |     5 |     3 ||     8
       Swiftness         |       |     1 |       ||     1
  Use: Scroll            |     4 |     5 |     1 ||    10
 Stab: Sleeping          |       |     1 |       ||     1
Armor: Skin              |     1 |     5 |     1 ||     7
Dodge: Dodged            |    41 |   125 |     9 ||   175
